Map: Blackpink LE

Players

llllllllllll (Elazer)

  • Race: Zerg Zerg
  • League: Grandmaster
  • Spawn Location: 7:00

aLive - Winner!

  • Race: Terran Terran
  • League: Master
  • Spawn Location: 1:00

VOD

Have the link to the VOD?

Description

Time

  • Played on: Feb. 8, 2018, 10:39 a.m.
  • Length: 9:03
Show
View Real Time Build Order
Export as new Build Order

llllllllllll Zerg 

Build Orders: Hatch First 

Get SALT Encoding   

  12  0:00  Drone  
  13  0:12  Overlord  
  13  0:17  Drone  
  14  0:31  Drone x2  
  16  0:48  Hatchery  
  15  0:50  Drone  
  15  0:54  Drone  
  17  0:57  Drone  
  18  1:07  Extractor  
  17  1:12  Spawning Pool  
  17  1:15  Drone  
  17  1:18  Drone  
  18  1:28  Drone  
  19  1:39  Drone  
  20  1:50  Overlord  
  20  1:59  Queen  
  20  2:00  Queen  
  20  2:01  Zergling x4  
  26  2:11  Drone x2  
  28  2:23  Hatchery  
  28  2:25  Drone  
  28  2:29  Drone  
  29  2:36  Metabolic Boost  
  29  2:37  Drone  
  30  2:44  Queen  
  30  2:49  Overlord  
  32  2:51  Drone  
  32  2:54  Drone  
  32  2:58  Drone x2  
  36  3:08  Drone x2  
  36  3:09  Drone x2  
  36  3:10  Drone  
  41  3:20  Queen  
  41  3:23  Overlord  
  41  3:24  Drone  
  44  3:36  Queen  
  44  3:37  Queen  
  44  3:41  Drone x4  
  52  3:44  Overlord  
  52  3:46  Drone  
  53  3:49  Zergling x4  
  53  3:51  Zergling x2  
  53  3:54  Zergling x4  
  58  4:02  Queen  
  60  4:05  Overlord  
  60  4:09  Overlord  
  60  4:14  Drone  
  60  4:15  Drone x5  
  66  4:22  Lair  
  66  4:27  Spore Crawler  
  66  4:28  Baneling Nest  
  66  4:30  Overlord  
  64  4:32  Spore Crawler  
  64  4:33  Drone, Extractor  
  64  4:34  Drone  
  64  4:36  Drone  
  64  4:37  Drone  
  66  4:41  Drone x2  
  66  4:43  Zergling x4  
  70  4:46  Drone x2  
  70  4:47  Drone  
  70  4:49  Overlord  
  70  4:52  Drone x2  
  75  4:55  Drone x2  
  77  5:01  Drone x4  
  77  5:04  Drone  
  82  5:08  Overlord  
  82  5:13  Overlord  
  82  5:15  Drone x4  
  85  5:22  Evolution Chamber x2  
  85  5:23  Drone, Extractor  
  85  5:24  Drone x2, Extractor  
  85  5:26  Extractor  
  85  5:27  Drone x4  
  87  5:30  Hydralisk Den  
  87  5:32  Centrifical Hooks  
  86  5:42  Spore Crawler  
  85  5:45  Spore Crawler  
  83  5:51  Zergling x4  
  83  5:52  Zergling x8  
  89  5:58  Zerg Melee Weapons Level 1, Zerg Ground Armor Level 1  
  89  5:59  Drone  
  89  6:00  Hatchery  
  89  6:04  Muscular Augments  
  89  6:11  Drone x2, Extractor  
  90  6:12  Drone x2, Zergling x2  
  90  6:13  Zergling x10  
  90  6:15  Baneling x5  
  90  6:16  Baneling  
  97  6:29  Overlord  
  97  6:33  Hydralisk x2  
  97  6:34  Hydralisk x2  
  97  6:39  Overlord  
  105  6:42  Overlord x2  
  105  6:53  Hydralisk x5  
  108  7:05  Hydralisk x2  
  105  7:11  Hydralisk  
  105  7:12  Hydralisk x4  
  105  7:14  Zergling x14  
  115  7:20  Hydralisk x2  
  119  7:26  Hydralisk x4  
  127  7:33  Overlord  
  127  7:37  Hydralisk x3  
  127  7:43  Zergling x4  
  133  7:49  Zergling x12  
  138  7:53  Zergling x6  
  138  7:58  Zergling x6  
  141  8:00  Baneling x12  
  141  8:01  Baneling x2  
  141  8:03  Baneling x3  
  141  8:04  Baneling  
  143  8:08  Baneling x3  
  143  8:13  Zergling x12  
  143  8:15  Baneling x2  
  143  8:16  Baneling  
  143  8:23  Baneling x7  
  143  8:26  Zergling x2  
  146  8:27  Zergling x6  
  146  8:32  Zergling x8  
Show
View Real Time Build Order
Export as new Build Order

aLive Terran - Winner!

Build Orders: Reaper Expand, Mech 

Get SALT Encoding   

  12  0:01  SCV  
  13  0:13  SCV  
  14  0:17  Supply Depot  
  14  0:25  SCV  
  15  0:38  SCV  
  15  0:40  Barracks  
  16  0:44  Refinery  
  16  0:51  SCV  
  17  1:03  SCV  
  18  1:15  SCV  
  19  1:26  Reaper  
  19  1:27  Orbital Command  
  20  1:40  Command Center  
  20  1:48  Refinery  
  20  1:53  SCV  
  21  1:56  Supply Depot  
  21  2:05  SCV  
  22  2:10  Factory  
  22  2:17  Barracks Reactor, SCV  
  23  2:29  SCV  
  24  2:41  SCV  
  25  2:52  Orbital Command  
  25  2:53  SCV  
  25  2:54  Starport  
  26  3:01  Hellion x2  
  26  3:02  Barracks Tech Lab  
  30  3:05  SCV  
  31  3:17  SCV  
  31  3:19  SCV  
  33  3:25  Hellion x2  
  37  3:30  SCV  
  37  3:32  SCV  
  39  3:36  Raven  
  41  3:42  SCV  
  41  3:44  SCV  
  41  3:46  Command Center  
  43  3:50  Supply Depot  
  43  3:52  Marine  
  43  3:54  SCV  
  45  3:56  SCV  
  45  4:01  Refinery  
  45  4:02  Refinery  
  46  4:04  Supply Depot  
  46  4:12  SCV x2  
  48  4:18  Armory  
  48  4:23  Armory  
  48  4:24  SCV x2  
  50  4:36  SCV x2  
  52  4:39  Barracks Tech Lab  
  52  4:41  Factory  
  52  4:43  Starport Reactor, Factory  
  52  4:48  SCV x2  
  54  4:55  Supply Depot  
  54  5:00  SCV x2  
  54  5:01  Orbital Command  
  55  5:08  Terran Vehicle Weapons Level 1  
  55  5:10  Terran Vehicle And Ship Armor Level 1  
  55  5:11  Hellion x2  
  59  5:17  SCV x2  
  61  5:21  Orbital Command  
  61  5:29  SCV x2  
  61  5:33  Refinery  
  63  5:36  Thor, Refinery  
  63  5:37  Thor  
  63  5:40  Hellion  
  63  5:41  Hellion  
  79  5:45  SCV x2  
  81  5:51  Medivac x2  
  85  5:57  Supply Depot  
  85  5:59  Supply Depot  
  85  6:01  Supply Depot  
  85  6:09  SCV x3  
  88  6:17  Hellion x2  
  92  6:19  Factory  
  92  6:21  SCV x3  
  92  6:22  Factory  
  95  6:30  Siege Tank x2  
  101  6:33  SCV x3  
  101  6:35  Supply Depot  
  101  6:36  Supply Depot  
  104  6:43  Infernal Pre-Igniter  
  104  6:45  SCV x3  
  107  6:58  SCV  
  107  7:01  SCV x2  
  106  7:08  Factory Tech Lab, Factory Reactor  
  94  7:10  SCV  
  94  7:13  Siege Tank  
  94  7:14  Hellion x2  
  102  7:15  SCV  
  102  7:16  SCV  
  102  7:22  SCV  
  105  7:24  Supply Depot x2  
  105  7:26  Siege Tank  
  108  7:40  Hellbat x2  
  108  7:43  Siege Tank  
  108  7:44  Hellion x2  
  115  7:45  Siege Tank  
  115  7:49  Hellion x2  
  115  7:51  Hellbat x2  
  122  7:54  Command Center  
  122  7:58  Siege Tank  
  124  8:02  Medivac x2  
  128  8:15  Siege Tank  
  128  8:16  Supply Depot x2  
  128  8:17  Supply Depot  
  128  8:19  Siege Tank, Hellbat x4  
  136  8:30  Siege Tank  
  118  8:41  Hellbat x4  
Tags
 
Add a new tag
Caveats
  • Supply blocks, unpowered buildings, or Contaminate may cause inaccurate times.
  • Supply counts are checked every 10 seconds.